Map: Oxide LE

Players

JonSnow

  • Race: Zerg Zerg
  • League: Grandmaster
  • Spawn Location: 1:00

Future - Winner!

  • Race: Terran Terran
  • Spawn Location: 7:00

Event: DreamHack SC2 Masters 2020 Winter

VOD

Have the link to the VOD?

Description

Time

  • Played on: Oct. 13, 2020, 8:26 p.m.
  • Length: 9:26

All games in this series

Show
View Real Time Build Order
Export as new Build Order

JonSnow Zerg 

Build Orders: Hatch First, Muta Ling Bane 

Get SALT Encoding   

  12  0:01  Drone  
  13  0:13  Overlord  
  13  0:16  Drone  
  14  0:31  Drone x2  
  16  0:48  Hatchery  
  15  0:51  Drone  
  15  0:55  Drone  
  17  0:58  Drone  
  18  1:10  Extractor  
  17  1:15  Spawning Pool  
  17  1:18  Drone  
  17  1:22  Drone  
  18  1:30  Drone  
  19  1:40  Drone  
  20  1:51  Overlord  
  20  2:01  Queen x2  
  20  2:02  Zergling x4  
  26  2:10  Zergling x2  
  26  2:13  Drone  
  29  2:22  Drone  
  29  2:23  Drone  
  30  2:32  Hatchery  
  29  2:37  Drone x2  
  31  2:47  Metabolic Boost  
  31  2:49  Drone x2  
  33  2:55  Queen  
  35  3:02  Overlord  
  35  3:04  Drone  
  36  3:14  Overlord  
  36  3:25  Drone x5  
  36  3:26  Lair  
  41  3:29  Extractor  
  41  3:30  Drone  
  41  3:33  Drone  
  42  3:39  Queen  
  44  3:42  Zergling x2  
  44  3:45  Queen  
  47  3:48  Drone  
  47  3:55  Zergling x2  
  49  3:58  Drone x4  
  49  4:00  Drone  
  54  4:06  Drone x3  
  54  4:08  Drone  
  58  4:11  Extractor  
  58  4:13  Drone  
  58  4:15  Extractor  
  57  4:24  Baneling Nest, Queen  
  57  4:29  Spire  
  57  4:30  Spore Crawler  
  56  4:32  Overseer  
  56  4:37  Overlord  
  56  4:40  Overlord  
  56  4:46  Zergling x4  
  56  4:50  Overlord  
  56  4:52  Overlord  
  55  5:09  Drone x6  
  55  5:11  Baneling x2  
  55  5:13  Drone x4  
  55  5:14  Drone  
  62  5:25  Drone x2  
  62  5:26  Drone x3  
  67  5:36  Spore Crawler  
  67  5:40  Mutalisk  
  67  5:41  Mutalisk x2  
  67  5:42  Mutalisk  
  72  5:48  Mutalisk  
  76  5:51  Spore Crawler  
  76  5:54  Mutalisk  
  76  5:55  Mutalisk  
  77  5:57  Drone  
  77  5:59  Drone  
  77  6:03  Drone x2  
  77  6:04  Drone  
  81  6:07  Drone x3  
  81  6:09  Drone  
  86  6:13  Centrifical Hooks  
  86  6:17  Drone x2  
  88  6:21  Drone  
  89  6:26  Zerg Flyer Weapons Level 1  
  89  6:45  Overlord x3  
  89  6:52  Overlord  
  89  6:55  Overlord  
  89  6:57  Evolution Chamber  
  89  6:58  Evolution Chamber  
  87  7:02  Mutalisk x5  
  87  7:05  Drone x4  
  101  7:09  Hatchery  
  101  7:15  Drone x4  
  104  7:16  Drone x2  
  104  7:19  Extractor  
  105  7:24  Overlord  
  105  7:25  Overlord  
  105  7:26  Zerg Melee Weapons Level 1  
  105  7:27  Zerg Ground Armor Level 1  
  105  7:28  Drone x2  
  105  7:29  Drone  
  108  7:33  Drone x3  
  111  7:42  Zergling x4  
  111  7:43  Zergling x8  
  117  7:46  Extractor  
  117  7:50  Baneling x10  
  116  7:51  Zergling x2  
  116  7:52  Zergling x2  
  116  7:54  Baneling  
  116  7:57  Zergling x4  
  116  7:58  Zergling x10  
  121  8:05  Baneling x7  
  121  8:13  Zergling x8  
  121  8:17  Zergling x4  
  121  8:19  Baneling x3  
  127  8:22  Zergling x2  
  127  8:23  Hatchery  
  127  8:24  Mutalisk x2  
  127  8:26  Queen  
  125  8:28  Zergling x10  
  125  8:30  Zergling x4  
  125  8:32  Baneling x3  
  130  8:36  Zergling x8  
  128  8:42  Mutalisk  
  128  8:43  Mutalisk  
  128  8:45  Zergling x2  
  130  8:51  Zergling x4  
  131  8:58  Mutalisk x2  
  132  9:06  Zergling x12  
  132  9:08  Baneling x4  
  132  9:09  Baneling  
Show
View Real Time Build Order
Export as new Build Order

Future Terran - Winner!

Build Orders: Reaper Expand, Hellion Banshee 

Get SALT Encoding   

  12  0:00  SCV  
  13  0:12  SCV  
  14  0:17  Supply Depot  
  14  0:24  SCV  
  15  0:39  SCV  
  15  0:40  Barracks  
  16  0:45  Refinery  
  16  0:51  SCV  
  17  1:03  SCV  
  18  1:15  SCV  
  19  1:27  Orbital Command, Reaper  
  20  1:40  Command Center  
  20  1:49  Supply Depot  
  20  1:52  SCV  
  21  1:59  Marine  
  22  2:05  SCV  
  23  2:10  Factory  
  23  2:17  SCV, Refinery  
  23  2:22  Barracks Reactor  
  24  2:29  SCV  
  25  2:41  SCV  
  26  2:53  SCV, Orbital Command  
  26  2:56  Starport  
  27  3:02  Hellion x2  
  27  3:05  SCV  
  32  3:09  Barracks Tech Lab  
  32  3:13  Supply Depot  
  32  3:17  SCV  
  34  3:20  SCV  
  34  3:23  Hellion x2  
  38  3:29  SCV  
  38  3:32  SCV  
  40  3:36  Barracks Tech Lab  
  40  3:37  Cloaking Field, Banshee  
  43  3:41  SCV  
  43  3:44  SCV  
  43  3:47  Supply Depot  
  45  3:49  Hellion  
  45  3:52  Hellion  
  45  3:53  SCV  
  50  3:56  SCV  
  50  3:59  Marine, Stimpack  
  52  4:06  SCV  
  52  4:08  SCV  
  54  4:18  SCV  
  54  4:20  SCV, Banshee  
  54  4:23  Command Center  
  59  4:28  Supply Depot  
  59  4:33  SCV  
  59  4:34  SCV  
  61  4:39  Barracks, Factory Reactor  
  61  4:42  Barracks  
  61  4:44  Marine  
  62  4:49  SCV x2  
  64  4:53  Engineering Bay  
  64  4:55  Engineering Bay  
  64  5:02  SCV x2, Marine  
  67  5:07  Refinery  
  67  5:08  Refinery  
  67  5:09  Supply Depot  
  67  5:12  Starport Reactor  
  67  5:14  SCV x2  
  69  5:22  Terran Infantry Armor Level 1, Terran Infantry Weapons Level 1  
  69  5:24  Marine  
  70  5:29  SCV x2  
  70  5:31  Marine x2  
  70  5:32  Siege Tank  
  48  5:35  Orbital Command  
  74  5:39  Marine x2  
  74  5:41  SCV  
  77  5:43  SCV  
  77  5:46  Combat Shield  
  78  5:50  Marine x2  
  78  5:53  SCV  
  81  5:59  Marine x2  
  81  6:00  SCV  
  81  6:01  Orbital Command  
  81  6:04  Marine  
  81  6:06  Siege Tank, Medivac  
  81  6:08  Marine x2  
  81  6:11  SCV  
  90  6:12  SCV  
  90  6:15  Barracks x2  
  90  6:17  Supply Depot  
  90  6:18  Missile Turret  
  91  6:19  Supply Depot  
  91  6:22  Missile Turret  
  91  6:25  Marine x3  
  90  6:29  Marine x2  
  90  6:31  SCV x2  
  90  6:32  SCV  
  96  6:38  Medivac, Siege Tank  
  101  6:43  Marine, SCV  
  101  6:44  SCV x2  
  105  6:51  Medivac  
  105  6:53  Marine x2  
  103  6:55  SCV  
  103  6:56  SCV, Marine x2  
  107  7:03  Supply Depot x2  
  107  7:04  Armory  
  107  7:05  Barracks Reactor  
  107  7:06  Barracks Reactor  
  107  7:10  Missile Turret  
  107  7:11  Missile Turret  
  107  7:12  Siege Tank  
  107  7:13  Marine x2  
  107  7:15  Marine  
  113  7:17  Medivac  
  115  7:23  Medivac  
  115  7:24  Marine x2  
  119  7:31  Marine x2  
  119  7:33  Marine  
  122  7:42  Marine x5  
  122  7:43  Armory  
  125  7:46  Marine  
  125  7:47  Siege Tank  
  125  7:49  Marine  
  130  7:53  Marine  
  130  7:54  Marine  
  132  8:00  Marine  
  133  8:07  Supply Depot x3  
  133  8:20  Marine  
  133  8:28  Marine x8, Medivac x2  
  133  8:29  Siege Tank  
  148  8:38  Marine, Command Center  
  141  8:46  Marine x8  
  142  8:56  Marine, Supply Depot  
  137  9:04  Marine x8  
Tags
 
Add a new tag
Caveats
  • Supply blocks, unpowered buildings, or Contaminate may cause inaccurate times.
  • Supply counts are checked every 10 seconds.